AoeStats
← gnitaek

Oasis

510175956Analyzed
4v4 RM · 2d ago on Sep 29, 2026· 40m 41s· 8 players
Game mode
Random Map
Map size
Large (8 player)
Population
200
Speed
Normal
Resources
Standard
Victory
Conquest
Starting age
Dark Age
Ending age
Imperial Age
RankedLock teamsTeams togetherTeam positionsShared explorationLock speedFull tech treeHidden civsTurbo modeCheats
Victory
Defeat
🇮🇪 Italians · Ireland
1298
+13
🇮🇪 Persians · Ireland
1212
+16
🇮🇪 Celts · Ireland
1211
+16
🇮🇪 Lithuanians · Ireland
1139
+19
🇨🇳 Franks · China
1230
-17
🇳🇱 Cumans · Netherlands
1226
-16
🇹🇷 Huns · Türkiye
1207
-16
🇦🇺 Khmer · Australia
1194
-15
_0x56D
11:00 Feudal Age
13:54 Castle Age
12:30 Double-Bit Axe
13:41 Loom
20:15 Bow Saw
23:26 Husbandry
23:38 Bloodlines
28:41 Imperial Age
28:22 Forging
28:13 Scale Mail Armor
28:17 Pikeman
29:35 Gold Mining
30:40 Chain Mail Armor
31:00 Iron Casting
29:49 Halberdier
32:56 Conscription
33:46 Blast Furnace
33:03 Double Crossbow
35:42 Siege Engineers
38:26 Heavy Scorpion
GADDAR
0:27 Loom
0:43 Loom
2:08 Loom
10:53 Feudal Age
12:44 Double-Bit Axe
12:51 Horse Collar
18:11 Castle Age
16:37 Fletching
19:25 Bodkin Arrow
20:41 Husbandry
26:19 Forging
28:14 Bow Saw
30:35 Thumb Ring
30:30 Pikeman
33:24 Wheelbarrow
33:51 Squires
37:03 Iron Casting
37:00 Heavy Plow
38:05 Bloodlines
prsdntsdghtr
9:37 Loom
11:31 Feudal Age
13:07 Man-at-Arms
20:55 Double-Bit Axe
945100118
11:17 Feudal Age
15:15 Castle Age
20:22 Forging
25:29 Double-Bit Axe
28:00 Scale Barding Armor
33:18 Imperial Age
31:27 Bow Saw
32:38 Chain Barding Armor
32:22 Husbandry
36:25 Plate Barding Armor
36:26 Iron Casting
35:22 Cavalier
Darkham
7:21 Loom
11:26 Feudal Age
17:34 Castle Age
15:51 Double-Bit Axe
16:04 Horse Collar
19:32 Wheelbarrow
20:15 Husbandry
21:53 Pikeman
26:31 Scale Barding Armor
31:06 Heavy Plow
36:19 Imperial Age
35:08 Hand Cart
35:41 Gold Mining
35:42 Stone Mining
36:52 Bloodlines
38:15 Chain Barding Armor
38:06 Forging
37:39 Cavalier
Runtime
2:06 Loom
10:52 Feudal Age
18:13 Castle Age
18:18 Pikeman
24:49 Double-Bit Axe
25:55 Fletching
28:03 Bodkin Arrow
29:51 Wheelbarrow
31:45 Thumb Ring
33:37 Ballistics
33:38 Padded Archer Armor
34:22 Masonry
38:14 Imperial Age
39:11 Bracer
berserker-latko
10:17 Feudal Age
14:23 Castle Age
12:55 Double-Bit Axe
13:22 Horse Collar
17:44 Loom
21:35 Wheelbarrow
22:31 Hand Cart
23:05 Bow Saw
23:35 Scale Barding Armor
24:22 Heavy Plow
24:51 Chain Barding Armor
25:18 Forging
26:20 Husbandry
26:56 Bloodlines
31:38 Imperial Age
31:02 Iron Casting
31:16 Cavalier
32:33 Plate Barding Armor
33:42 Savar
37:27 Conscription
40:07 Town Watch
gnitaek
4:06 Loom
11:20 Feudal Age
11:22 Man-at-Arms
12:14 Double-Bit Axe
12:48 Horse Collar
16:55 Scale Mail Armor
17:11 Arson
21:56 Castle Age
21:25 Forging
23:25 Wheelbarrow
22:57 Pikeman
34:37 Chain Mail Armor
34:57 Iron Casting
35:50 Iron Casting
36:40 Hand Cart
39:25 Town Watch
43:09 Imperial Age
41:09 Bow Saw
Connection lost

Rejoining the realm…

Still unreachable

The connection could not be restored.

Session expired

The server has moved on; the page needs a fresh start.